 Dungeon Crawl Stone Soup version 0.27-a0-13-g87abb2d9eb (webtiles) character file.

Game seed: 10221638255201762697

62 funkygono the Gusty (level 3, -3/26 HPs)
             Began as a Draconian Air Elementalist on Jan 2, 2021.
             Slain by a worm (11 damage)
             ... on level 2 of the Dungeon.
             The game lasted 00:03:47 (1903 turns).

funkygono the Gusty (Draconian Air Elementalist)    Turns: 1903, Time: 00:03:48

Health: -3/26      AC:  5    Str: 10    XL:     3   Next: 85%
Magic:  2/6        EV: 12    Int: 16    God:
Gold:   125        SH:  0    Dex: 11    Spells: 0/6 levels left

rFire    . . .     SeeInvis .   g - +0 club
rCold    . . .     Faith    .   (no shield)
rNeg     . . .     Spirit   .   (armour unavailable)
rPois    .         Reflect  .   (helmet restricted)
rElec    .         Harm     .   (no cloak)
rCorr    .         Rampage  .   (no gloves)
Will     .....                  (no boots)
Stlth    ++........             (no amulet)
HPRegen  0.08/turn              (no ring)
MPRegen  0.10/turn              (no ring)

@: no status effects
A: unfitting armour, cold-blooded, AC +5
a: no special abilities


You were on level 2 of the Dungeon.
You visited 1 branch of the dungeon, and saw 2 of its levels.

You collected 125 gold pieces.

Inventory:

Hand Weapons
 g - a +0 club (weapon)
Scrolls
 a - a scroll of amnesia {unknown}
 d - 2 scrolls of teleportation
Potions
 b - a potion of mutation
 c - a potion of magic
 e - a potion of curing {unknown}
 f - a potion of resistance {unknown}
 h - a potion of flight {unknown}


   Skills:
 + Level 0.1 Fighting
 + Level 0.1 Maces & Flails
 + Level 1.8 Dodging
 + Level 2.4 Stealth
 + Level 2.3 Spellcasting
 + Level 1.4 Conjurations
 + Level 4.0 Air Magic


You couldn't memorise any spells.
You knew the following spells:

 Your Spells              Type           Power        Failure   Level
a - Shock                 Conj/Air       40%          7%          1
b - Swiftness             Air            14%          6%          2
c - Static Discharge      Conj/Air       10%          21%         3

Your spell library contained the following spells:

 Spells                   Type           Power        Failure   Level
 Airstrike                Air            7%           36%         4
 Lightning Bolt           Conj/Air       5%           88%         5


Dungeon Overview and Level Annotations

Branches:
Dungeon (2/15)

Altars:
Nemelex Xobeh


Innate Abilities, Weirdness & Mutations

Your plain brown scales are hard. (AC +5)
You cannot fit into any form of body armour.
You are cold-blooded and may be slowed by cold attacks.


Message History

The worm bites you!
You barely miss the worm.
The worm is heavily wounded.
The worm bites you.
You hit the worm.
The worm is severely wounded.
The worm bites you!
* * * LOW HITPOINT WARNING * * *
You barely miss the worm.
The worm is severely wounded.
You hit the worm. You tail-slap the worm.
The worm is almost dead.
The worm barely misses you.
You hit the worm.
The worm is almost dead.
The worm barely misses you.
You barely miss the worm.
The worm is almost dead.
The worm bites you!
You die...

... ... ... .... #######
....# ..(.... ....#
######.)..... [#..#
#............ .#..#
#........>..( .#..#
#....@w......
.#..########.........###
....)................#
.#..########.........#
.#..# #.......$.# .#..#
#.........# ....#
#.........# #........
..........# #...#####
############


You could see a worm.

Vanquished Creatures
  An adder (D:2)
  2 oozes
  2 dart slugs (D:1)
  3 leopard geckos (D:1)
  3 bats
  A giant cockroach (D:1)
  A hobgoblin (D:1)
  4 jackals (D:1)
  3 kobolds
  A quokka (D:2)
  2 frilled lizards
  7 goblins (D:1)
  4 rats (D:1)
34 creatures vanquished.

Notes
Turn   | Place    | Note
-------+----------+-------------------------------------------
     0 | D:1      | funkygono the Draconian Air Elementalist began the quest
                  | for the Orb.
     0 | D:1      | Reached XP level 1. HP: 14/14 MP: 3/3
   191 | D:1      | Reached XP level 2. HP: 13/20 MP: 1/5
   321 | D:1      | Learned a level 2 spell: Swiftness
   865 | D:1      | Reached XP level 3. HP: 23/26 MP: 1/6
   869 | D:1      | Learned a level 3 spell: Static Discharge
  1524 | D:1      | Found a sparkling altar of Nemelex Xobeh.
  1858 | D:2      | Reached skill level 4 in Air Magic
  1903 | D:2      | Slain by a worm

Illustrated notes

Levels and vault maps discovered:
D:1:      saegor_arrival_miasma, layout_basic, nemelex_diamond_rough_becter
D:2:      layout_basic

Skill      XL: |  1  2  3 |
---------------+----------+-----
Stealth        | 2 |  2.4
Air Magic      | 4 |  4.0
Fighting       | |  0.1
Maces & Flails | |  0.1
Dodging        | |  1.8
Spellcasting   | |  2.3
Conjurations   | |  1.4

Action                   || total
-------------------------++-------
Melee: Unarmed           ||    20
       Tailslap          ||     5
       Club              ||    18
 Cast: Shock             ||    87
  Use: Scroll            ||     4
Armor: Skin              ||    24
Dodge: Dodged            ||    56

Table legend: (Time is in decaauts)
 A = Elapsed time spent in this place.
 B = Non-inter-level travel time spent in this place.
 C = Inter-level travel time spent in this place.
 D = Time resting spent in this place.
 E = Time spent auto-exploring this place.
 F = Levels seen in this place.
 G = Mean time per level.
                   A        B        C        D        E       F      G
               +--------+--------+--------+--------+--------+-----+--------+
         Total |   1907 |   1874 |     33 |      0 |   1592 |   2 |  953.5 |
       Dungeon |   1907 |   1874 |     33 |      0 |   1592 |   2 |  953.5 |
               +--------+--------+--------+--------+--------+-----+--------+

Top non-repeatable levels by time:
     D:1: 1565 daAuts
     D:2: 341 daAuts
